 Dungeon Crawl Stone Soup version 0.32-a0-814-g0968bab981 (webtiles) character file.

Game seed: 3173449176585464941

115 SparkingGeo the Chucker (level 5, -10/27 HPs)
             Began as a Vine Stalker Wanderer on Mar 22, 2024.
             Was an Initiate of Yredelemnul.
             Mangled by an ogre
             ... wielding a +0 giant spiked club
              (24 damage)
             ... on level 4 of the Dungeon.
             The game lasted 00:17:50 (2937 turns).

SparkingGeo the Chucker (Vine Stalker Wanderer)     Turns: 2937, Time: 00:17:51

Health: -10/27     AC: 13    Str: 20    XL:     5   Next: 0%
Magic:  0/9        EV:  3    Int:  9    God:    Yredelemnul [......]
Gold:   131        SH:  7    Dex: 13    Spells: 7/8 levels left

rFire   . . .        e - +0 long sword
rCold   + . .        j - +0 kite shield
rNeg    . . .        s - +0 plate armour
rPois   .            o - +2 helmet
rElec   .            (no cloak)
rCorr   .            (no gloves)
SInv    .            (no boots)
Will    .....        (no amulet) Stlth
                     g - ring of protection from cold
HPRegen 1.04/turn    (no ring)
MPRegen 0.11/turn

%: guardian spirit
@: wreathed by umbra
A: fangs 2, regeneration 1, magic shield, antimagic bite, no potion heal 2
a: Renounce Religion, Light the Black Torch, Recall Undead Harvest


You were on level 4 of the Dungeon.
You worshipped Yredelemnul.
Yredelemnul was noncommittal.
You visited 1 branch of the dungeon, and saw 4 of its levels.

You collected 131 gold pieces.

Inventory:

Hand Weapons
 a - a +3 dagger
 e - a +0 long sword (weapon)
Missiles
 b - 4 curare-tipped darts (quivered)
 l - 12 poisoned darts
Armour
 j - a +0 kite shield (worn)
 o - a +2 helmet (worn)
 s - a +0 plate armour (worn)
Jewellery
 g - a ring of protection from cold (left hand)
 h - a +4 ring of protection
Wands
 m - a wand of warping (8)
Scrolls
 f - 2 scrolls of identify
 i - a scroll of fear {unknown}
 k - 2 scrolls of teleportation
 r - a scroll of blinking
 t - a scroll of amnesia {unknown}
Potions
 c - a potion of lignification
 d - a potion of brilliance
 n - a potion of degeneration {unknown}
 p - 2 potions of curing
 q - 2 potions of might


   Skills:
 + Level 2.4 Fighting
 * Level 2.1 Axes
 - Level 4.0 Throwing
 + Level 1.1 Armour
 - Level 0.1 Dodging
 + Level 1.1 Shields
 - Level 2.1 Spellcasting
 - Level 2.1 Fire Magic


You had 7 spell levels left.
You knew the following spells:

 Your Spells              Type           Power      Damage    Failure   Level
a - Foxfire               Conj/Fire      8%         2x1d4     100%        1

Your spell library contained the following spells:

 Spells                   Type           Power      Damage    Failure   Level
 Kiss of Death            Conj/Necr      0%         2d5       100%        1
 Cigotuvi's Dreadful Rot  Necr/Alch/Air  0%         N/A       100%        2
 Static Discharge         Conj/Air       0%         3-3/arc   100%        2
 Confusing Touch          Hex            0%         N/A       100%        3
 Volatile Blastmotes      Fire/Tloc      4%         2d10      100%        3
 Dispel Undead            Necr           0%         3d6       100%        4
 Ignite Poison            Fire/Alch      2%         N/A       100%        4
 Iskenderun's Mystic Bla  Conj/Tloc      0%         2d3       100%        4
 Petrify                  Alch/Erth      0%         N/A       100%        4
 Freezing Cloud           Conj/Ice/Air   0%         6-21      100%        5


Dungeon Overview and Level Annotations

Branches:
Dungeon (4/15)
 Temple: D:4-7

Altars:
Xom
Yredelemnul

Shops:
D:2 (


Innate Abilities, Weirdness & Mutations

You have extremely sharp teeth.
Your natural rate of healing is unusually fast.
When hurt, damage is shared between your health and your magic reserves.
Your bite disrupts and absorbs the magic of your enemies.
Potions cannot restore your health.


Message History

The ogre barely misses your kobold zombie.
The adder bites you but does no damage.
You closely miss the adder.
The adder is heavily wounded.
You feel sick. The adder bites you but does no damage.
The ogre closely misses your kobold zombie.
You block the adder's attack.
You closely miss the adder. Your bite misses the adder.
The adder is heavily wounded.
You feel sick.
You are no longer poisoned.
You block the adder's attack.
The ogre completely misses your kobold zombie.
You block the adder's attack.
You slash the adder!
You kill the adder!
Their soul becomes fuel for the torch.
The ogre closely misses your kobold zombie.
Your kobold zombie barely misses the ogre.
You have reached level 5!
Your kobold zombie hits the ogre.
The ogre hits your kobold zombie with a +0 giant spiked club!!
Your kobold zombie is destroyed!
You hit the ogre. You bite the ogre. You drain its power.
You feel invigorated.
The ogre is moderately wounded.
You block the ogre's attack.
You slash the ogre!
The ogre is heavily wounded.
The ogre hits you with a +0 giant spiked club.
You slash the ogre! You bite the ogre. You drain its power.
You feel invigorated.
The ogre is almost dead.
The ogre hits you with a +0 giant spiked club!!
Ouch! That really hurt!
You hit the ogre. You bite the ogre. You drain its power.
You feel invigorated.
The ogre is almost dead.
The ogre hits you with a +0 giant spiked club!!
Ouch! That really hurt!
You die...
Your body rises from the dead as a mindless zombie.

#.... #.... #####
#....## #...# #.....#
####...#
###.....###......#
#...............>#
#..............####
#..........%###...#
#.......#.#..@....# ~
#.......#.###O....#
PP.#####...#.......###
P....O)............#
#########..###.....#
#.....# #.....#
###.#.###.....#
###.#.#<......#
#........##.#.#


You could see an ogre.

Vanquished Creatures
  3 adders
  4 ribbon worms (D:3)
  2 dart slugs (D:1)
  3 orcs (D:3)
  8 endoplasms
  3 giant cockroaches
  3 goblins
  4 hobgoblins
  5 jackals
  3 quokkas
  5 ball pythons
  9 bats
  5 frilled lizards
  6 kobolds
  3 rats
66 creatures vanquished.

Vanquished Creatures (collateral kills)
  An orc (D:3)
  A frilled lizard (D:2)
2 creatures vanquished.

Vanquished Creatures (others)
  A bat zombie (D:3)
  An endoplasm zombie (D:4)
  A giant cockroach zombie (D:3)
  A kobold zombie (D:4)
  2 orc zombies (D:3)
  A rat zombie (D:3)
7 creatures vanquished.

Grand Total: 75 creatures vanquished

Notes
Turn   | Place    | Note
-------+----------+-------------------------------------------
     0 | D:1      | SparkingGeo the Vine Stalker Wanderer began the quest for
                  | the Orb.
     0 | D:1      | SparkingGeo set off with the following items: a +2 dagger,
                  | 4 curare-tipped darts, a potion of lignification, a potion
                  | of brilliance, a +0 leather armour; and the following spell
                  | memorised: Foxfire; and the following spells available to
                  | memorise: Volatile Blastmotes.
     0 | D:1      | Reached XP level 1. HP: 11/11 MP: 4/4
   184 | D:1      | Reached XP level 2. HP: 14/15 MP: 6/6
   269 | D:1      | Got Luuf's Dissertation on the Ruinous Rocks
   311 | D:1      | Reached skill level 4 in Throwing
   587 | D:1      | Reached XP level 3. HP: 18/18 MP: 7/7
   821 | D:1      | Reached skill level 1 in Axes
  1130 | D:2      | Found Larracru's Antique Weapon Shoppe.
  1227 | D:2      | Found a basalt altar of Yredelemnul.
  1250 | D:2      | Became a worshipper of Yredelemnul the Fallen
  2034 | D:3      | Reached XP level 4. HP: 23/23 MP: 5/8
  2223 | D:3      | Reached skill level 1 in Armour
  2408 | D:3      | Found a shimmering altar of Xom.
  2505 | D:3      | Reached skill level 1 in Shields
  2905 | D:4      | Noticed an ogre
  2916 | D:4      | Reached XP level 5. HP: 10/27 MP: 6/9
  2937 | D:4      | Mangled by an ogre

Illustrated notes

Levels and vault maps discovered:
D:1:      lemuel_arrival_funnel, layout_basic
D:2:      layout_basic, serial_shops, shop, basic_altar, grunt_decor_clamped,
          kennysheep_generic_room_7
D:3:      layout_basic, mainiacjoe_overflow_six_doors_small,
          columned_hall_lemuel
D:4:      layout_basic, serial_bayou_lagoon_a, minmay_manual_mares,
          uniq_crazy_yiuf_cottage, uniq_duvessa, uniq_pikel

Skill      XL: |  1  2  3  4 |
---------------+-------------+-----
Throwing       | 4 |  4.0
Fighting       | 2 |  2.4
Axes           | 1 2 |  2.1
Armour         | 1 |  1.1
Shields        | 1 |  1.1
Dodging        | |  0.1
Spellcasting   | |  2.1
Fire Magic     | |  2.1

Action                     |  1- 3 |  4- 6 || total
---------------------------+-------+-------++-------
  Melee: Dagger            |   103 |    34 ||   137
         Bite              |    31 |    19 ||    50
         Long sword        |       |    52 ||    52
 Invoke: Light the Black T |     2 |     1 ||     3
    Use: Scroll            |     8 |     2 ||    10
         Potion            |       |     2 ||     2
   Stab: Distracted        |     1 |       ||     1
 Armour: Leather armour    |    66 |     1 ||    67
         Plate armour      |       |    94 ||    94
  Dodge: Dodged            |    73 |    18 ||    91
  Block: Kite shield       |    20 |    38 ||    58

Table legend: (Time is in decaauts)
 A = Elapsed time spent in this place.
 B = Non-inter-level travel time spent in this place.
 C = Inter-level travel time spent in this place.
 D = Time resting spent in this place.
 E = Time spent auto-exploring this place.
 F = Levels seen in this place.
 G = Mean time per level.
                   A        B        C        D        E       F      G
               +--------+--------+--------+--------+--------+-----+--------+
         Total |   2985 |   2892 |     93 |      0 |   1198 |   4 |  746.2 |
       Dungeon |   2985 |   2892 |     93 |      0 |   1198 |   4 |  746.2 |
               +--------+--------+--------+--------+--------+-----+--------+

Top non-repeatable levels by time:
     D:1: 1078 daAuts
     D:2: 960 daAuts
     D:3: 854 daAuts
     D:4: 92 daAuts
